 Dungeon Sprint DCSS version 0.24.0-123-gd5b16e6ec5 (webtiles) character file.

Game seed: 10468737169841778433, levelgen mode: deterministic

1871 McKennaii the Destroyer (level 8, -13/58 (61) HPs)
             Began as a Grey Draconian Conjurer on Jan 26, 2020.
             Was a Follower of Vehumet.
             Mangled by a tentacle (19 damage)
             ... attached to a kraken
             ... in the Dungeon (Sprint II: "The Violet Keep of Menkaure").
             The game lasted 00:07:37 (1091 turns).

McKennaii the Destroyer (Grey Draconian Conjurer)   Turns: 1091, Time: 00:07:38

HP:   -13/58 (61)   AC: 11    Str: 11    XL:     8   Next: 90%
MP:   3/22          EV: 14    Int: 18    God:    Vehumet [*.....]
Gold: 222           SH:  0    Dex: 11    Spells: 22/27 levels left

rFire    . . .     SeeInvis .   g - +12 Vampire's Tooth {vamp}
rCold    . . .     Gourm    .   (no shield)
rNeg     . . .     Faith    .   (armour unavailable)
rPois    .         Spirit   .   (helmet restricted)
rElec    .         Reflect  .   (no cloak)
rCorr    .         Harm     .   (no gloves)
MR       .....     NoTele   +   (no boots)
Stlth    +++.......             (no amulet)
HPRegen  0.19/turn              (no ring)
MPRegen  0.18/turn              (no ring)

@: no status effects
A: walk through water, unfitting armour, unbreathing, cold-blooded, AC +11
a: Renounce Religion


You were in the Dungeon.
You worshipped Vehumet.
Vehumet was aware of your devotion.
You were not hungry.

You visited 1 branch You collected 822 gold pieces.
You spent 600 gold pieces at shops.

Inventory:

Hand Weapons
 g - the +12 Vampire's Tooth (weapon) {vamp}
   (You bought it in a shop in the Dungeon)

   It inflicts no extra harm, but heals its wielder when it wounds a living foe.
Scrolls
 h - a scroll of blinking
Potions
 c - a potion of curing
 d - a potion of heal wounds
 e - a potion of haste
 f - 2 potions of magic
Comestibles
 b - a ration


   Skills:
 + Level 2.1 Fighting
 + Level 5.8 Dodging
 + Level 4.6 Stealth
 * Level 10.1 Spellcasting
 + Level 14.8 Conjurations


You had 22 spell levels left.
You knew the following spells:

 Your Spells              Type           Power        Failure   Level  Hunger
a - Magic Dart            Conj           ####         1%          1    None
c - Iskenderun's Mystic   Conj           ######..     1%          4    ###....

Your spell library contained the following spells:

 Spells                   Type           Power        Failure   Level  Hunger
 Shock                    Conj/Air       ####         1%          1    None
 Searing Ray              Conj           ######       1%          2    None
 Dazzling Spray           Conj/Hex       #####.       1%          3    None
 Force Lance              Conj/Tloc      #####...     3%          4    ###....
 Fulminant Prism          Conj/Hex       #####.....   3%          4    ###....


Dungeon Overview and Level Annotations

Branches:
Dungeon (1/1)

Altars:
Cheibriados
Dithmenos
Elyvilon
Fedhas
Gozag
Hepliaklqana
Kikubaaqudgha
Makhleb
Nemelex Xobeh
Okawaru
Qazlal
Ru
Sif Muna
Trog
Uskayaw
Vehumet
Wu Jian
Xom
Yredelemnul
Zin
The Shining One
Beogh
Jiyva
Lugonu

Shops:
D !(:[(=[?*=!}%:[=

Annotations:
D exclusion: oklob plant


Innate Abilities, Weirdness & Mutations

You can walk through water.
Your dull iron-grey scales are very hard. (AC +11)
You cannot fit into any form of body armour.
You can survive without breathing.
You are cold-blooded and may be slowed by cold attacks.


Message History

Confirm with . or Enter, or press ? or * to list all spells.
Aiming: Magic Dart (safe; 1% risk of failure)
Press: ? - help, Shift-Dir - straight line, f/p - kraken
Aim: a kraken (water, heavily wounded)
The magic dart hits the tentacle.
The tentacle is lightly wounded.
The tentacle slaps you but does no damage.
You puncture the tentacle!
The tentacle is heavily wounded.
A tentacle rises from the water!
The tentacle slaps you!
You hit the tentacle but do no damage.
The tentacle is heavily wounded.
The tentacle slaps you!!
Ouch! That really hurt!
You hit the tentacle but do no damage.
The tentacle is moderately wounded.
The tentacle slaps you!
* * * LOW HITPOINT WARNING * * *
The tentacle slaps you!!
You die...

#^ k # +.##. }▓[!??(!)[▓▓
..# ...####▓()$$%%([▓▓
..## #.^##.#▓?$)$?((?▓▓
#..# +.^#..#▓)=$$($[$▓▓
#..# #.^#..#▓$![$$!?)▓▓
+..####..##.#▓[=($!%((▓▓
#....###...##▓▓▓▓▓▓▓+▓▓▓▓
#......≈≈§≈≈≈≈§§@w§≈...Xw
≈≈.....≈#)########+###ww≈
§≈≈≈≈..≈#§._._._.#t§≈##
§≈§≈≈≈.≈#._._._..#§§§§##
§≈≈≈≈≈≈≈#_._._._.#§≈§§≈#
≈≈≈≈≈≈≈≈#._._._._#≈§§≈§≈
≈≈≈§≈≈≈≈#.._._._.#§≈§§≈§
§≈≈###≈§#..._._._#≈§§§§t
#§≈# #≈≈#...._._.#≈≈≈§≈§


You could see a tentacle and a crocodile.

Vanquished Creatures
  A merfolk siren (D)
  A yaktaur (D)
  3 polar bears (D)
  A hornet (D)
  Menkaure (D)
  4 necrophages (D)
  A hell rat (D)
  3 worms (D)
  2 tentacles (D)
17 creatures vanquished.

Vanquished Creatures (others)
  A crocodile (D)
1 creature vanquished.

Grand Total: 18 creatures vanquished

Notes
Turn   | Place    | Note
-------+----------+-------------------------------------------
     0 | D        | McKennaii the Draconian Conjurer began the quest for the
                  | Orb.
     0 | D        | Reached XP level 1. HP: 14/14 MP: 3/3
     1 | D        | Noticed a merfolk siren
     9 | D        | Noticed a necrophage
     9 | D        | Noticed a necrophage
     9 | D        | Noticed a necrophage
     9 | D        | Noticed a necrophage
    16 | D        | Killed a necrophage
    16 | D        | Reached skill level 8 in Conjurations
    16 | D        | Reached XP level 2. HP: 20/20 MP: 3/6
    16 | D        | Reached XP level 3. HP: 26/26 MP: 4/8
    16 | D        | Reached XP level 4. HP: 33/33 MP: 4/9
    19 | D        | Killed a necrophage
    19 | D        | Reached skill level 9 in Conjurations
    19 | D        | Reached XP level 5. HP: 37/37 MP: 4/12
    25 | D        | Killed a necrophage
    25 | D        | Reached skill level 5 in Spellcasting
    25 | D        | Reached skill level 10 in Conjurations
    30 | D        | Killed a necrophage
    30 | D        | Reached skill level 11 in Conjurations
    30 | D        | Reached XP level 6. HP: 43/43 MP: 5/14
    74 | D        | Found Soys's Gadget Emporium.
    75 | D        | Found Doucosa's Jewellery Emporium.
    75 | D        | Found Vipocli's General Store.
    81 | D        | Learned a level 4 spell: Iskenderun's Mystic Blast
    81 | D        | Found Deco's Magic Scroll Shoppe.
    81 | D        | Found Pytrod's Jewellery Emporium.
    81 | D        | Found Ishreet's Distillery.
    82 | D        | Found Noc Loniss's Armour Shoppe.
    82 | D        | Found Nusoli's Book Emporium.
    82 | D        | Found Laacot's Jewellery Emporium.
    82 | D        | Found Xosogguq's Food Shoppe.
    83 | D        | Found Fumerphe's Antique Armour Shoppe.
    85 | D        | Found Qoli's Weapon Emporium.
    85 | D        | Found Goazoo Nora's Antique Armour Shoppe.
    85 | D        | Noticed Menkaure
    85 | D        | Noticed a death yak
    85 | D        | Noticed an oklob plant
    88 | D        | Noticed a hell hog
    89 | D        | Found Lamicvoq's Antique Weapon Shoppe.
    89 | D        | Found Gennas's Book Shoppe.
    89 | D        | Found Qaedeoxt's Distillery.
    90 | D        | Noticed a hell hog
    92 | D        | Killed Menkaure
    92 | D        | Reached skill level 12 in Conjurations
   249 | D        | Noticed an iron elemental
   278 | D        | Noticed a flying skull
   278 | D        | Noticed a flying skull
   487 | D        | Noticed a tyrant leech
   487 | D        | Noticed a tyrant leech
   497 | D        | Killed a merfolk siren
   497 | D        | Reached skill level 1 in Fighting
   497 | D        | Reached skill level 13 in Conjurations
   497 | D        | Your scales start taking on a dull iron-grey colour.
   497 | D        | Reached XP level 7. HP: 49/49 MP: 1/18
   497 | D        | Gained mutation: You can survive without breathing. [Grey
                  | Draconian growth]
   674 | D        | Bought the +12 Vampire's Tooth {vamp} for 600 gold pieces
   674 | D        | Found the +12 Vampire's Tooth {vamp}
   701 | D        | Found a roughly hewn altar of Beogh.
   702 | D        | Found a hazy altar of Hepliaklqana.
   702 | D        | Found a snail-covered altar of Cheibriados.
   703 | D        | Found a stormy altar of Qazlal.
   703 | D        | Found a viscous altar of Jiyva.
   703 | D        | Found a shadowy altar of Dithmenos.
   704 | D        | Found a sacrificial altar of Ru.
   704 | D        | Found an ancient bone altar of Kikubaaqudgha.
   704 | D        | Found a white marble altar of Elyvilon.
   705 | D        | Found an ornate altar of the Wu Jian Council.
   705 | D        | Found a shimmering blue altar of Sif Muna.
   705 | D        | Found a corrupted altar of Lugonu.
   705 | D        | Found a blossoming altar of Fedhas.
   708 | D        | Found a shimmering altar of Xom.
   708 | D        | Found a bloodstained altar of Trog.
   708 | D        | Found a burning altar of Makhleb.
   762 | D        | Found a glowing golden altar of the Shining One.
   762 | D        | Found a basalt altar of Yredelemnul.
   762 | D        | Found a hide-covered altar of Uskayaw.
   764 | D        | Found a glowing silver altar of Zin.
   764 | D        | Found a radiant altar of Vehumet.
   764 | D        | Found a sparkling altar of Nemelex Xobeh.
   764 | D        | Noticed a hornet
   764 | D        | Noticed a polar bear
   765 | D        | Found an opulent altar of Gozag.
   765 | D        | Found an iron altar of Okawaru.
   765 | D        | Noticed a yaktaur
   773 | D        | Noticed an obsidian statue
   780 | D        | Noticed a flying skull
   780 | D        | Noticed a flying skull
   782 | D        | Became a worshipper of Vehumet
   791 | D        | Noticed a polar bear
   791 | D        | Noticed a polar bear
   800 | D        | Killed a polar bear
   800 | D        | Reached XP level 8. HP: 55/56 MP: 3/20
   801 | D        | Paralysed by a hornet for 1 turns
   807 | D        | Killed a hornet
   807 | D        | Reached skill level 5 in Dodging
   807 | D        | Reached skill level 14 in Conjurations
   810 | D        | Killed a polar bear
   810 | D        | Reached * piety under Vehumet
   810 | D        | Offered knowledge of Shock by Vehumet.
   817 | D        | Killed a yaktaur
   825 | D        | Killed a polar bear
   825 | D        | Reached skill level 10 in Spellcasting
  1051 | D        | Noticed a death drake
  1069 | D        | Noticed a kraken
  1091 | D        | Mangled by a tentacle

Levels and vault maps discovered:
D:        the_violet_keep_of_menkaure [sprint2_stairs_cluster_1,
          sprint2_shoproom, sprint2_temple, sprint2_basic_supplies,
          sprint2_obstacle_5, sprint2_obstacle_3, sprint2_obstacle_2,
          sprint2_obstacle_1, sprint2_obstacle_7, sprint2_timed_cluster_1,
          sprint2_smallroom_cluster_1, sprint2_smallroom_final_cluster_1,
          sprint2_transparent_cluster_1, sprint2_second_timed_cluster_1,
          sprint2_sniper_area_1, sprint2_heavy_combat_area_1,
          sprint2_mutation_trap_area_1, sprint2_forest_area_1,
          sprint2_light_combat_area_1, sprint2_behind_water_1,
          sprint2_near_end_vault_1]

Skill      XL: |  1  2  3  4  5  6  7  8 |
---------------+-------------------------+-----
Dodging        | 2 3 4 5 |  5.8
Stealth        | 2 3 4 |  4.6
Spellcasting   | 3 4 5 7 8 10 | 10.1
Conjurations   | 8 9 11 13 14 | 14.8
Fighting       | 1 2 |  2.1

Action                   |  1- 3 |  4- 6 |  7- 9 || total
-------------------------+-------+-------+-------++-------
Melee: Unarmed           |     6 |    14 |       ||    20
       Tailslap          |     2 |     5 |     3 ||    10
       Quick blade       |       |       |    42 ||    42
 Cast: Magic Dart        |       |    17 |     3 ||    20
       Iskenderun's Myst |       |     6 |    10 ||    16
  Use: Potion            |     1 |       |       ||     1
  Eat: Chunk             |       |       |     2 ||     2
Armor: Skin              |       |     3 |    24 ||    27
Dodge: Dodged            |     2 |     2 |    42 ||    46
